 Dungeon Sprint DCSS version 0.18.1-48-g4cf74bf (webtiles) character file.

72 MarcHammon the Shield-Bearer (level 4, -9/44 HPs)
             Began as a Minotaur Fighter on Aug 30, 2016.
             Drowned by a water elemental (10 damage)
             ... in the Dungeon (Sprint III: "The Ten Rune Challenge").
             The game lasted 00:01:20 (126 turns).

MarcHammon the Shield-Bearer (Minotaur Fighter)      Turns: 126, Time: 00:01:21

Health: -9/44      AC:  8    Str: 22    XL:     4   Next: 6%
Magic:  3/3        EV:  8    Int:  5    God:
Gold:   23         SH: 10    Dex:  9    Spells: 0 memorised, 3 levels left

rFire  . . .     SeeInvis .     a - +0 long sword
rCold  . . .     Gourm    .     b - +0 scale mail
rNeg   . . .     Faith    .     c - +0 shield
rPois  .         Spirit   .     (helmet restricted)
rElec  .         Dismiss  .     n - +0 cloak
rCorr  .         Reflect  .     (no gloves)
SustAt .         Harm     .     (no boots)
MR     .....     NoTele   +     (no amulet)
Stlth  ..........               (no ring)
                                (no ring)

@: engulfed (cannot breathe), not resistant to hostile enchantments, extremely
unstealthy
A: retaliatory headbutt, horns 2
a: no special abilities


You were in the Dungeon.
You were not hungry.

You visited 1 branch You collected 23 gold pieces.

Inventory:

Hand Weapons
 a - a +0 long sword (weapon)
 m - a +3 quarterstaff of chaos
Armour
 b - a +0 scale mail (worn)
 c - a +0 shield (worn)
 n - a +0 cloak (worn)
Wands
 l - a wand of random effects (26/48)
Scrolls
 k - a scroll of blinking
 p - 4 scrolls of immolation
 q - 2 scrolls of identify
 r - a scroll of remove curse
Potions
 d - 2 potions of might
 e - a potion of curing
 g - 2 potions of heal wounds
 h - a potion of haste
 i - 2 potions of magic
 j - a potion of berserk rage
 o - 3 potions of mutation {unknown}
 s - 2 potions of cure mutation
 t - a potion of agility {unknown}
 v - a potion of flight {unknown}
Comestibles
 f - 2 bread rations
 u - a meat ration


   Skills:
 + Level 6.2 Fighting
 + Level 3.8 Long Blades
 + Level 6.2 Armour
 + Level 0.4 Dodging
 + Level 6.4 Shields


You had 3 spell levels left.
You didn't know any spells.

Dungeon Overview and Level Annotations

Branches:
Dungeon (1/1)

Altars:


Innate Abilities, Weirdness & Mutations

You reflexively headbutt those who attack you in melee.
You have a pair of horns on your head.


Message History

The water elemental hits you!
The water elemental engulfs you in water!
You hit the water elemental.
The water elemental is lightly damaged.
Your lungs strain for air!
The water elemental hits you! The water elemental misses you.
You slash the water elemental!
The water elemental is heavily damaged.
* * * LOW HITPOINT WARNING * * *
Your lungs strain for air!
The water elemental hits you.
You barely miss the water elemental.
Your headbutt misses the water elemental.
The water elemental is heavily damaged.
* * * LOW HITPOINT WARNING * * *
Your lungs strain for air!
The water elemental barely misses you.
Your shield prevents you from hitting the water elemental.
The water elemental is heavily damaged.
You die...

▓▓▓▓▓▓ ▓▓▓ .#(..####
##.# .#......#####..#
##....†..#..#..#
.##.##...#..#..###+#+###
.##.###..##'#..#........
####.##..###...'@⌠......
##..##.[####...#E..#####
....##..###....#.⌠.#
#..##...##.....#...#
..##....#......#+###
.###..##.#.....# .#
#..#####....# ▓▓ ▓▓▓▓
▓▓▓▓▓▓


You could see a water elemental.

Vanquished Creatures
  Crazy Yiuf (D)
  Jessica (D)
  A human (D)
  3 rats (D)
6 creatures vanquished.

Vanquished Creatures (others)
  A yaktaur (D)
1 creature vanquished.

Grand Total: 7 creatures vanquished

Notes
Turn   | Place    | Note
--------------------------------------------------------------
     0 | D        | MarcHammon the Minotaur Fighter began the quest for the Orb.
     0 | D        | Reached XP level 1. HP: 19/19 MP: 0/0
    35 | D        | Killed a yaktaur
    45 | D        | Noticed Jessica
    50 | D        | Killed Jessica
    50 | D        | Reached skill level 5 in Fighting
    50 | D        | Reached skill level 5 in Armour
    50 | D        | Reached skill level 5 in Shields
    50 | D        | Reached XP level 2. HP: 29/29 MP: 1/1
    74 | D        | Reached XP level 3. HP: 35/37 MP: 2/2
    77 | D        | Noticed Crazy Yiuf
    81 | D        | Killed Crazy Yiuf
    81 | D        | Reached XP level 4. HP: 42/44 MP: 3/3
   119 | D        | Noticed a water elemental
   125 | D        | HP: 1/44 [drowned by a water elemental (8)]
   126 | D        | Drowned by a water elemental

Skill      XL: |  1  2  3 |
---------------+----------+-----
Shields        | 5 6 |  6.4
Fighting       | 5 6 |  6.2
Armour         | 5 6 |  6.2
Long Blades    | 3 |  3.8
Dodging        | |  0.4

Action                   |  1- 3 |  4- 6 || total
-------------------------+-------+-------++-------
Melee: Long sword        |    16 |     5 ||    21
       Headbutt          |     1 |       ||     1
  Use: Scroll            |       |     2 ||     2
Armor: Scale mail        |     2 |     1 ||     3
Dodge: Dodged            |     7 |     3 ||    10
Block: Shield            |     8 |     1 ||     9
